 Dungeon Crawl Stone Soup version 0.29-a0-284-gf9362112df (webtiles) character file.

Game seed: 7153735143200361099

518 silky the Cudgeller (level 7, -11/67 HPs)
             Began as a Minotaur Chaos Knight on Mar 31, 2022.
             Was a Plaything of Xom.
             Mangled by an orc warrior
             ... wielding a +0 battleaxe
              (18 damage)
             ... on level 4 of the Dungeon.
             The game lasted 00:07:02 (2947 turns).

silky the Cudgeller (Minotaur Chaos Knight)         Turns: 2947, Time: 00:07:03

Health: -11/67     AC: 11    Str: 16    XL:     7   Next: 1%
Magic:  6/6        EV: 10    Int: 11    God:    Xom [.....*]
Gold:   1194       SH:  0    Dex: 10    Spells: 6/6 levels left

rFire   . . .      SeeInvis .   a - +0 mace (chaos)
rCold   . . .      Faith    .   (no shield)
rNeg    . . .      Spirit   .   k - +0 scale mail
rPois   .          Reflect  .   (helmet restricted)
rElec   .          Harm     .   h - +0 cloak
rCorr   .          Rampage  .   q - +0 pair of gloves
Will    .....                   (no boots)
Stlth   ..........              u - amulet of regeneration
HPRegen 1.01/turn               (no ring)
MPRegen 0.10/turn               (no ring)

@: no status effects
A: horns 2, retaliatory headbutt, iridescent scales 1, robust 1
a: Renounce Religion


You were on level 4 of the Dungeon.
You worshipped Xom.
You were Xom's teddy bear.
You visited 1 branch of the dungeon, and saw 4 of its levels.

You collected 1194 gold pieces.

Inventory:

Hand Weapons
 a - a +0 mace of chaos (weapon)
Armour
 h - a +0 cloak (worn)
 k - a +0 scale mail (worn)
 q - a +0 pair of gloves (worn)
Magical Staves
 e - a staff of conjuration
Jewellery
 u - an amulet of regeneration (around neck)
 v - a ring of fire
Wands
 l - a wand of flame (21)
Scrolls
 b - a scroll of teleportation
 g - a scroll of noise
 j - a scroll of magic mapping {unknown}
 o - a scroll of immolation
 p - a scroll of fear {unknown}
 r - a scroll of blinking {unknown}
Potions
 d - 2 potions of heal wounds {unknown}
 f - 2 potions of might {unknown}
 i - a potion of flight {unknown}
 m - 2 potions of lignification {unknown}
 n - 3 potions of degeneration {unknown}
 s - 2 potions of curing {unknown}
 t - 2 potions of cancellation {unknown}
 w - a potion of haste {unknown}
 x - a potion of brilliance {unknown}
Miscellaneous
 c - a piece from Xom's chessboard (11/15) (quivered)


   Skills:
 + Level 5.3 Fighting
 + Level 7.1 Maces & Flails
 + Level 4.3 Armour
 + Level 2.5 Dodging
 + Level 1.1 Stealth
 + Level 0.5 Evocations


You had 6 spell levels left.
You didn't know any spells.
Your spell library contained the following spells:

 Spells                   Type           Power      Damage    Failure   Level
 Magic Dart               Conj           0%         1d3       77%         1
 Call Imp                 Summ           0%         N/A       88%         2
 Mephitic Cloud           Conj/Pois/Air  0%         N/A       98%         3


Dungeon Overview and Level Annotations

Branches:
Dungeon (4/15)
 Temple: D:4-7

Altars:
Xom


Innate Abilities, Weirdness & Mutations

You have a pair of horns on your head.
You reflexively headbutt those who attack you in melee.
You are partially covered in iridescent scales. (AC +2)
You are robust. (+10% HP)


Message History

An orc priest comes into view. It is wielding a +0 falchion.
You make a move on Xom's chessboard...
The orc priest shouts!
The orc priest is moving more slowly.
The orc barely misses you.
The orc priest looks encouraged for a moment.
You hear a shout!
You make a move on Xom's chessboard...
The orc priest resists with some effort.
The orc hits you with a +0 flail.
An orc warrior comes into view. It is wielding a +0 battleaxe.
You make a move on Xom's chessboard...
The orc falls asleep!
The orc barely misses you.
You hit the orc.
The orc is poisoned.
You headbutt the orc.
You kill the orc!
The orc shouts!
The orc priest stops moving altogether!
Things that are here:
a +0 flail; a +0 leather armour; an orc corpse You hit the orc warrior.
The orc warrior is poisoned.
Your headbutt misses the orc warrior.
The orc warrior is lightly wounded.
You hit the orc warrior. You freeze the orc warrior.
The orc warrior is heavily wounded.
The orc warrior barely misses you. You furiously retaliate!
You headbutt the orc warrior!
You make a move on Xom's chessboard...
The orc warrior flickers and vanishes!
Deactivating autopickup; reactivate with Ctrl-A.
Something hits you!
You miss something. Something hits you.
You barely miss something. Something hits you!
You miss something. Something hits you.
You miss something. Your headbutt misses something. Something hits you.
You barely miss something. Your headbutt misses something. Something hits you.
You miss something. Something hits you.
You hit something but do no damage. You headbutt something. Something hits you!
You barely miss something. You headbutt something. Something hits you!!
* * * LOW HITPOINT WARNING * * *
You closely miss something. Something hits you!!
You die...
Xom thinks this is hilarious!

#.....#
#.......#
#.....#
#.......#
#.....#
#.......###
#.....#
#..........
##.####
#.####.##..
#.#
###.###.
#.#
#.......
#.####..#
#.#.#.#.
#.@{o.o.#
........
#######.#
..#.#.#.
........
..#.#.#.
........
..#.#.#.
........
.#######


You could see an orc priest (petrified) and an orc.

Vanquished Creatures
  Grinder (D:3)
  2 scorpions (D:4)
  A hound (D:4)
  Jessica (D:2)
  An iguana (D:3)
  Terence (D:2)
  4 adders
  2 worms
  3 dart slugs
  3 orcs
  3 ball pythons
  5 bats
  9 endoplasms
  A giant cockroach (D:2)
  6 goblins (D:1)
  5 hobgoblins
  2 jackals (D:2)
  4 kobolds
  4 quokkas (D:1)
  4 frilled lizards
  9 rats
  A spectral goblin (D:2)
72 creatures vanquished.

Vanquished Creatures (collateral kills)
  A giant cockroach (D:3)
  A bat (D:3)
2 creatures vanquished.

Grand Total: 74 creatures vanquished

Notes
Turn   | Place    | Note
-------+----------+-------------------------------------------
     0 | D:1      | silky the Minotaur Chaos Knight began the quest for the
                  | Orb.
     0 | D:1      | Reached XP level 1. HP: 19/19 MP: 0/0
    61 | D:1      | XOM: divination: detect items
   152 | D:1      | Reached skill level 4 in Maces & Flails
   152 | D:1      | Reached XP level 2. HP: 27/27 MP: 1/1
   613 | D:1      | XOM: give mutations
   613 | D:1      | Gained mutation: You are robust. (+10% HP) [Xom's grace]
   613 | D:1      | Gained mutation: You are partially covered in iridescent
                  | scales. (AC +2) [Xom's grace]
   780 | D:1      | Reached XP level 3. HP: 36/36 MP: 2/2
   975 | D:2      | Found a faded altar of an unknown god.
   998 | D:2      | Noticed Terence
   999 | D:2      | Noticed Jessica
  1004 | D:2      | Killed Terence
  1006 | D:2      | Killed Jessica
  1007 | D:2      | Reached skill level 5 in Maces & Flails
  1007 | D:2      | Reached XP level 4. HP: 23/45 MP: 3/3
  1476 | D:2      | Reached XP level 5. HP: 51/51 MP: 4/4
  1694 | D:3      | Noticed Grinder
  1704 | D:3      | Paralysed by Grinder for 3 turns
  1712 | D:3      | XOM: summons friendly ice devil
  1714 | D:3      | Killed Grinder
  1715 | D:3      | Reached skill level 5 in Fighting
  1715 | D:3      | Reached skill level 6 in Maces & Flails
  1715 | D:3      | Reached XP level 6. HP: 58/61 MP: 5/5
  2347 | D:3      | XOM: scenery: create altars
  2353 | D:3      | XOM: snakes to sticks
  2560 | D:3      | XOM: god gift: 932 gold pieces
  2585 | D:4      | Reached skill level 1 in Stealth
  2905 | D:4      | Reached skill level 7 in Maces & Flails
  2905 | D:4      | Reached XP level 7. HP: 67/67 MP: 6/6
  2947 | D:4      | Mangled by an orc warrior

Illustrated notes

Levels and vault maps discovered:
D:1:      minmay_arrival_five_plusses, layout_rooms, minivault_27,
          minmay_split_cup_small
D:2:      layout_rooms, dreamdust_ecumenical_altar_drowned_temple,
          palyth_stone_intersect, st_stairs_5, minmay_crystal_water,
          uniq_jessica, uniq_terence
D:3:      layout_basic, lightli_corner_chamber, uniq_grinder
D:4:      layout_basic, serial_glass, glass_columns_c, glass_columns_a,
          glass_columns_c, glass_columns_c

Skill      XL: |  1  2  3  4  5  6 |
---------------+-------------------+-----
Maces & Flails | 4 5 6 7 |  7.1
Fighting       | 4 5 |  5.3
Armour         | 3 4 |  4.3
Dodging        | 2 |  2.5
Stealth        | 1 |  1.1
Evocations     | |  0.5

Action                   |  1- 3 |  4- 6 |  7- 9 || total
-------------------------+-------+-------+-------++-------
Melee: Mace              |    69 |    75 |    12 ||   156
       Headbutt          |    14 |    19 |     3 ||    36
       Punch             |     1 |       |       ||     1
Evoke: Piece from Xom's  |       |     5 |     4 ||     9
  Use: Scroll            |       |     3 |       ||     3
 Stab: Sleeping          |       |     1 |       ||     1
Armor: Leather armour    |    12 |       |       ||    12
       Ring mail         |    10 |       |       ||    10
       Scale mail        |     7 |    42 |       ||    49
Dodge: Dodged            |    37 |    31 |     3 ||    71

Table legend: (Time is in decaauts)
 A = Elapsed time spent in this place.
 B = Non-inter-level travel time spent in this place.
 C = Inter-level travel time spent in this place.
 D = Time resting spent in this place.
 E = Time spent auto-exploring this place.
 F = Levels seen in this place.
 G = Mean time per level.
                   A        B        C        D        E       F      G
               +--------+--------+--------+--------+--------+-----+--------+
         Total |   2972 |   2863 |    109 |    226 |   1941 |   4 |  743.0 |
       Dungeon |   2972 |   2863 |    109 |    226 |   1941 |   4 |  743.0 |
               +--------+--------+--------+--------+--------+-----+--------+

Top non-repeatable levels by time:
     D:3: 1034 daAuts
     D:1: 905 daAuts
     D:2: 658 daAuts
     D:4: 374 daAuts
